 Dungeon Crawl Stone Soup version 0.27.0-1-g7a089689b8 (webtiles) character file.

Game seed: 2895906422305889817

184 SnakkuSnakku7 the Chopper (level 5, -10/45 HPs)
             Began as a Vine Stalker Berserker on Aug 11, 2021.
             Was a Believer of Trog.
             Killed by divine providence
             ... invoked by an orc priest
              (14 damage)
             ... on level 4 of the Dungeon.
             The game lasted 00:02:50 (1917 turns).

SnakkuSnakku7 the Chopper (Vine Stalker Berserker)  Turns: 1917, Time: 00:02:50

Health: -10/45     AC: 10    Str: 21    XL:     5   Next: 64%
Magic:  0/6        EV:  8    Int:  7    God:    Trog [**....]
Gold:   62         SH:  0    Dex: 13    Spells: 4/4 levels left

rFire    . . .     SeeInvis .   a - +0 hand axe
rCold    . . .     Faith    .   (no shield)
rNeg     . . .     Spirit   +   n - +0 chain mail
rPois    .         Reflect  .   (no helmet)
rElec    .         Harm     .   (no cloak)
rCorr    .         Rampage  .   c - +0 pair of gloves
Will     .....                  g - +0 pair of boots
Stlth    ..........             (no amulet)
HPRegen  1.15/turn              (no ring)
MPRegen  0.10/turn              (no ring)

@: berserking, very quick
A: fangs 2, regeneration 1, magic shield, antimagic bite, no potion heal 2
a: Renounce Religion, Berserk, Trog's Hand


You were on level 4 of the Dungeon.
You worshipped Trog.
Trog was pleased with you.
You visited 1 branch of the dungeon, and saw 4 of its levels.

You collected 62 gold pieces.

Inventory:

Hand Weapons
 a - a +0 hand axe (weapon)
Armour
 b - a +0 animal skin
 c - a +0 pair of gloves (worn)
 g - a +0 pair of boots (worn)
 n - a +0 chain mail (worn)
 o - a +0 kite shield
Jewellery
 m - a ring of magical power
Scrolls
 d - a scroll of immolation {unknown}
 e - 3 scrolls of amnesia {unknown}
 f - 2 scrolls of magic mapping {unknown}
 h - a scroll of enchant weapon {unknown}
 i - 3 scrolls of identify {unknown}
 k - 2 scrolls of teleportation {unknown}
Potions
 j - a potion of cancellation {unknown}
 l - 6 potions of curing {unknown}
 p - a potion of degeneration {unknown}
 q - 2 potions of magic {unknown}


   Skills:
 + Level 4.3 Fighting
 + Level 4.3 Axes
 - Level 1.5 Armour
 - Level 1.5 Dodging


You had 4 spell levels left.
You didn't know any spells.
Your spell library was empty.

Dungeon Overview and Level Annotations

Branches:
Dungeon (4/15)
 Temple: D:4-7

Altars:
Vehumet


Innate Abilities, Weirdness & Mutations

You have extremely sharp teeth.
Your natural rate of healing is unusually fast.
When hurt, damage is shared between your health and your magic reserves.
Your bite disrupts and absorbs the magic of your enemies.
Potions cannot restore your health.


Message History

Unknown command.
An orc priest comes into view.
It is wielding a +2 hand axe of distortion.
The orc priest shouts!
The orc completely misses you.
The orc priest mumbles some strange prayers to Beogh against you.
Beogh smites you!
Your chain mail prevents you from hitting the orc priest.
You hit the orc.
The orc priest calls down the wrath of Beogh upon you.
Beogh smites you!
* * * LOW HITPOINT WARNING * * *
The orc hits you but does no damage.
The orc priest calls down the wrath of Beogh upon you.
Pain shoots through your body!
* * * LOW HITPOINT WARNING * * *
You are too injured to fight recklessly!
You are too injured to fight recklessly!
Unknown command.
You are too injured to fight recklessly!
You slash the orc!
You feel the power of Trog in you as your rage grows.
You kill the orc!
Trog accepts your kill.
You slash the orc priest!
An ufetubus comes into view.
Unknown command.
You hit the orc priest but do no damage.
The orc priest is severely wounded.
The orc priest hits you but does no damage.
Unknown command.
You closely miss the orc priest. Your bite misses the orc priest.
The orc priest is severely wounded.
The orc priest hits you but does no damage.
Unknown command.
You slash the orc priest!
You kill the orc priest!
Trog accepts your kill.
The orc priest invokes the aid of Beogh against you.
Beogh smites you!
You die...

#.......#..........##......
###.....#...........#.##...
#.....................#..
##..##................#..
#...##...##.#.............
#.......##.###........##...
##......#...##...#.........
#.#.............###.......
#####...)@../...###.......
##..)o..............#.
#...................##
.....................###
##.....o....##..........
###.#.5.#####.........#
..##.## ........... ... ...
..##....†.. #......#


You could see an orc priest, an orc and an ufetubus.

Vanquished Creatures
  An orc priest (D:4)
  2 orc wizards (D:4)
  A hound skeleton (D:4)
  3 gnolls (D:4)
  An adder (D:2)
  A white imp (D:3)
  An adder skeleton (D:4)
  2 dart slugs
  3 orcs (D:4)
  7 ball pythons
  8 endoplasms
  4 giant cockroaches
  7 goblins
  5 hobgoblins
  4 jackals
  3 quokkas
  2 bats
  5 frilled lizards
  4 kobolds
  4 rats
68 creatures vanquished.

Notes
Turn   | Place    | Note
-------+----------+-------------------------------------------
     0 | D:1      | SnakkuSnakku7 the Vine Stalker Berserker began the quest
                  | for the Orb.
     0 | D:1      | Reached XP level 1. HP: 11/11 MP: 2/2
    75 | D:1      | Reached XP level 2. HP: 11/16 MP: 1/3
   607 | D:1      | Reached XP level 3. HP: 16/20 MP: 4/4
   716 | D:2      | Reached ** piety under Trog
  1273 | D:3      | Gained mutation: Your natural rate of healing is unusually
                  | fast. [Vine Stalker growth]
  1273 | D:3      | Reached XP level 4. HP: 23/24 MP: 5/5
  1534 | D:3      | Found a radiant altar of Vehumet.
  1796 | D:4      | Reached XP level 5. HP: 24/29 MP: 3/6
  1913 | D:4      | HP: 1/45 [orc priest/nerve-wracking pain (12)]
  1917 | D:4      | Killed from afar by an orc priest

Illustrated notes

Levels and vault maps discovered:
D:1:      lightli_arrival_maybe_door_vault, layout_basic,
          grunt_decor_mini_mirrors
D:2:      layout_basic, minmay_pentomino_u2
D:3:      layout_basic, mainiacjoe_overflow_brackets
D:4:      layout_cave_pools

Skill      XL: |  1  2  3  4 |
---------------+-------------+-----
Fighting       | 3 4 |  4.3
Axes           | 3 4 |  4.3
Armour         | |  1.5
Dodging        | |  1.5

Action                   |  1- 3 |  4- 6 || total
-------------------------+-------+-------++-------
Melee: Hand axe          |    85 |    79 ||   164
       Bite              |    22 |    21 ||    43
Invok: Berserk           |     3 |     2 ||     5
 Stab: Sleeping          |     2 |       ||     2
Armor: Animal skin       |    20 |       ||    20
       Chain mail        |       |    48 ||    48
Dodge: Dodged            |    63 |    41 ||   104
